cohdb
Replays
Latest Replays
All Replays
Popular Replays
Top Player Replays
Match Explorer
How It Works
Community
CoH3 Stats
Reddit
Sign in to upload your games and track your stats! →
Sign in with Steam
Match 41867510
Unlisted
Match 41867510
Overview
Messages
Build Orders
End
Kradschützen Motorcycle Team
Panzergrenadier Squad
250 Light Carrier
Construct Light Support Kompanie
Assault Grenadier Squad
Assault Grenadier Squad
Fire Support Elements
Assault Mechanized Group
Construct Mechanized Kompanie
2.5-tonne Medical Truck
254 Reconnaissance Tractor
MG34 Team
StuG III D Assault Gun
Panzerjäger Mechanized Group
Panzerjäger Squad
Construct Panzerarmee Kommand
Walking Stuka Rocket Launcher
Armored Reserves
Brother
ferg37
0
0
Comments
sign in to comment!
No comments posted yet!